AoeStats
← PanPixu

Arabia

504967839Analyzed
1v1 RM · 24d ago on Sep 7, 2026· 40m 32s· 2 players
Game mode
Random Map
Map size
Tiny (2 player)
Population
200
Speed
Normal
Resources
Standard
Victory
Conquest
Starting age
Dark Age
Ending age
Imperial Age
RankedLock teamsTeams togetherTeam positionsShared explorationLock speedFull tech treeHidden civsTurbo modeCheats
Victory
Defeat
🇬🇧 Japanese · United Kingdom
907
+16
🇨🇿 Byzantines · Czechia
898
-16
PanPixu
5:20 Loom
10:38 Feudal Age
13:05 Double-Bit Axe
13:06 Horse Collar
16:35 Wheelbarrow
20:22 Castle Age
20:14 Scale Barding Armor
21:17 Forging
21:15 Fletching
21:50 Padded Archer Armor
21:52 Husbandry
22:38 Light Cavalry
25:16 Bodkin Arrow
26:50 Leather Archer Armor
28:22 Bow Saw
28:14 Heavy Plow
29:50 Gold Mining
31:15 Ballistics
38:52 Imperial Age
38:28 Gold Shaft Mining
39:59 Logistica
40:10 Conscription
40:39 Iron Casting
40:26 Chain Barding Armor
41:10 Chemistry
39:48 Heavy Cavalry Archer
pbootly
10:33 Feudal Age
11:19 Double-Bit Axe
12:40 Horse Collar
18:11 Castle Age
15:58 Loom
16:01 Man-at-Arms
16:59 Scale Mail Armor
18:10 Wheelbarrow
19:01 Pikeman
19:42 Squires
19:36 Town Watch
20:44 Bloodlines
19:56 Light Cavalry
21:14 Forging
22:52 Fletching
24:29 Fervor
25:28 Bodkin Arrow
27:40 Hand Cart
30:59 Town Patrol
35:53 Imperial Age
35:24 Ballistics
37:01 Conscription
36:57 Arson
38:02 Halberdier
40:38 Kataparuto
Connection lost

Rejoining the realm…

Still unreachable

The connection could not be restored.

Session expired

The server has moved on; the page needs a fresh start.